 Dungeon Crawl Stone Soup version 0.29-a0-283-ga02f740833 (webtiles) character file.

Game seed: 1239349271480940550

537 anonymouscript the Covert (level 7, -3/34 (36) HPs)
             Began as a Spriggan Delver on Mar 13, 2022.
             Slain by a wight
             ... wielding a +0 battleaxe
              (18 damage)
             ... on level 7 of the Dungeon.
             The game lasted 00:13:44 (2504 turns).

anonymouscript the Covert (Spriggan Delver)         Turns: 2504, Time: 00:13:44

HP:   -3/34 (36)    AC:  2    Str:  8    XL:     7   Next: 5%
MP:   8/8           EV: 18    Int: 12    God:
Gold: 30            SH:  0    Dex: 18    Spells: 6/6 levels left

rFire   . . .      SeeInvis +   l - +2 dagger (drain)
rCold   . . .      Faith    .   (no shield)
rNeg    . . .      Spirit   .   b - +0 robe
rPois   .          Reflect  .   (helmet restricted)
rElec   .          Harm     .   (no cloak)
rCorr   .          Rampage  .   (gloves unavailable)
Will    +....                   (boots unavailable)
Stlth   +++++.....              (no amulet)
HPRegen 0.11/turn               (no ring)
MPRegen 0.11/turn               (no ring)

@: drained, very quick
A: very small, no large weapons, unfitting armour, see invisible, speed 3
a: no special abilities


You were on level 7 of the Dungeon.
You visited 2 branches of the dungeon, and saw 5 of its levels.

You collected 30 gold pieces.

Inventory:

Hand Weapons
 a - a +0 short sword
 l - a +2 dagger of draining (weapon)
Missiles
 h - 27 poisoned darts (quivered)
Armour
 b - a +0 robe (worn)
Jewellery
 j - a ring of fire
Wands
 i - a wand of iceblast (1)
Scrolls
 d - a scroll of magic mapping
 e - 2 scrolls of fear
Potions
 f - 2 potions of haste


   Skills:
 + Level 3.1 Fighting
 + Level 3.5 Short Blades
 + Level 2.1 Throwing
 + Level 3.5 Dodging
 + Level 11.5 Stealth
 + Level 0.6 Evocations


You had 6 spell levels left.
You didn't know any spells.
Your spell library was empty.

Dungeon Overview and Level Annotations

Branches:
Dungeon (7/15)             Temple (1/1) D:7

Altars:
Ashenzari
Fedhas
Nemelex Xobeh
Qazlal
Trog
Uskayaw
Wu Jian
Xom
Zin
The Shining One

Shops:
D:4 (


Innate Abilities, Weirdness & Mutations

You are very small and have problems with some larger weapons.
You are too small for most types of armour.
You have supernaturally acute eyesight. (SInv)
You cover ground extremely quickly. (Speed+++)


Message History

The wight closely misses you.
You closely miss the wight.
The wight is moderately damaged.
The wight barely misses you.
You hit the wight but do no damage.
The wight is moderately damaged.
The wight completely misses you.
You hit the wight.
The wight is heavily damaged.
The wight closely misses you.
You closely miss the wight.
The wight is heavily damaged.
The wight misses you.
You hit the wight but do no damage.
The wight is heavily damaged.
You hit the wight but do no damage.
The wight is heavily damaged.
The wight barely misses you.
You hit the wight but do no damage.
The wight is heavily damaged.
The wight completely misses you.
You hit the wight but do no damage.
The wight is heavily damaged.
The wight closely misses you.
You closely miss the wight.
The wight is heavily damaged.
The wight misses you.
You hit the wight.
The wight is severely damaged.
The wight hits you with a +0 battleaxe!
You hit the wight but do no damage.
The wight is severely damaged.
You barely miss the wight.
The wight is severely damaged.
The wight completely misses you.
You hit the wight.
The wight is severely damaged.
The wight hits you with a +0 battleaxe!!
Ouch! That really hurt!
You die...

.##.......[..#
#.########
.#####..##.#.#
#........# .#
#..##.#.###.######.#
.# #..##.#.....# #.#
.# #..##.####### #.#
.# .##.. #z# .# #.#
########.#
#@z......#
##########


You could see a wight.

Vanquished Creatures
  A black bear (D:6)
  A kobold brigand (D:6)
  A bullfrog (D:6)
  2 scorpions
  4 hounds
  A jelly (D:5)
  Natasha (D:4)
  An ufetubus (D:5)
  A worm (D:4)
  4 orcs
  A ball python (D:4)
  An endoplasm (D:4)
  2 hobgoblins (D:4)
  3 jackals (D:4)
  3 kobolds (D:6)
27 creatures vanquished.

Notes
Turn   | Place    | Note
-------+----------+-------------------------------------------
     0 | D:5      | anonymouscript the Spriggan Delver began the quest for the
                  | Orb.
     0 | D:5      | Reached XP level 1. HP: 11/11 MP: 2/2
     1 | D:6      | Noticed an orc wizard
     2 | D:6      | Noticed a jelly
   122 | D:4      | Found Ysodeewu's Antique Weapon Shop.
   131 | D:4      | Reached XP level 2. HP: 12/16 MP: 3/3
   278 | D:4      | Noticed Natasha
   283 | D:4      | Killed Natasha
   284 | D:4      | Reached skill level 8 in Stealth
   284 | D:4      | Reached XP level 3. HP: 19/19 MP: 4/4
   343 | D:5      | Noticed an ogre
   410 | D:5      | Noticed a scorpion
   423 | D:5      | Killed a scorpion
   424 | D:5      | Reached skill level 9 in Stealth
   424 | D:5      | Reached XP level 4. HP: 23/23 MP: 5/5
   466 | D:5      | Reached XP level 5. HP: 28/28 MP: 6/6
   471 | D:5      | Reached skill level 10 in Stealth
   481 | D:5      | Noticed a black bear
   538 | D:5      | Found a bloodstained altar of Trog.
   854 | D:5      | Noticed an ogre
   854 | D:5      | Noticed a centaur
  1418 | D:6      | Reached XP level 6. HP: 24/32 MP: 7/7
  1584 | D:6      | Reached skill level 1 in Throwing
  1584 | D:6      | Reached skill level 11 in Stealth
  2080 | D:6      | Reached XP level 7. HP: 36/36 MP: 8/8
  2230 | D:7      | Found a staircase to the Ecumenical Temple.
  2240 | Temple   | Entered the Ecumenical Temple
  2504 | D:7      | Slain by a wight

Illustrated notes

Levels and vault maps discovered:
D:4:      layout_layer_cave, general_overflow_altar, serial_shops, shop,
          uniq_natasha, uniq_edmund, uniq_menkaure
D:5:      minmay_angry_zag, layout_basic, nicolae_dithmenos_the_darkroom,
          lightli_temple_of_fire, uniq_sigmund
D:6:      minmay_spotlight, layout_basic, minmay_chambers_of_fives
D:7:      layout_basic, elyvilon_altar_5, bloody_makhleb,
          minmay_temple_entry_grid, worms_lemuel
Temple:   dpeg_three_leaves_temple

Skill      XL: |  1  2  3  4  5  6 |
---------------+-------------------+-----
Dodging        | 3 |  3.5
Stealth        | 8 9 10 11 | 11.5
Short Blades   | 3 |  3.5
Fighting       | 3 |  3.1
Throwing       | 2 |  2.1
Evocations     | |  0.6

Action                   |  1- 3 |  4- 6 |  7- 9 || total
-------------------------+-------+-------+-------++-------
Melee: Short sword       |    18 |    32 |       ||    50
       Dagger            |       |    10 |    22 ||    32
Throw: Dart              |     6 |    28 |       ||    34
Evoke: Wand              |     1 |     3 |     3 ||     7
  Use: Scroll            |       |     2 |     1 ||     3
 Stab: Sleeping          |     8 |     5 |       ||    13
Armor: Robe              |       |     1 |       ||     1
Dodge: Dodged            |     7 |    37 |    16 ||    60

Table legend: (Time is in decaauts)
 A = Elapsed time spent in this place.
 B = Non-inter-level travel time spent in this place.
 C = Inter-level travel time spent in this place.
 D = Time resting spent in this place.
 E = Time spent auto-exploring this place.
 F = Levels seen in this place.
 G = Mean time per level.
                   A        B        C        D        E       F      G
               +--------+--------+--------+--------+--------+-----+--------+
         Total |   1894 |   1894 |      0 |    604 |    452 |   5 |  378.8 |
       Dungeon |   1794 |   1794 |      0 |    604 |    452 |   4 |  448.5 |
        Temple |    100 |    100 |      0 |      0 |      0 |   1 |  100.0 |
               +--------+--------+--------+--------+--------+-----+--------+

Top non-repeatable levels by time:
     D:6: 1083 daAuts
     D:5: 373 daAuts
     D:4: 229 daAuts
     D:7: 107 daAuts
  Temple: 100 daAuts
